 Dungeon Crawl Stone Soup version 0.32-a0-350-g4f4d228785 (webtiles) character file.

Game seed: 18071667241126810162

7434 CowFu the Grappler (level 10, -2/81 HPs)
             Began as a Black Draconian Shapeshifter on Feb 17, 2024.
             Was a Priest of Ashenzari.
             Succumbed to barbed spike wounds
             ... on level 10 of the Dungeon.
             The game lasted 00:13:23 (8926 turns).

CowFu the Grappler (Black Draconian Shapeshifter)   Turns: 8926, Time: 00:13:23

Health: -2/81      AC:  3    Str: 26    XL:     10   Next: 93%
Magic:  10/10      EV: 11    Int: 10    God:    Ashenzari [***...]
Gold:   491        SH:  0    Dex: 11    Spells: 9/9 levels left

rFire   . .          .
                       - Unarmed
rCold   . . .        (shield currently unavailable)
rNeg    + . .        (body armour unavailable)
rPois   +            F - melded +2 hat "Cursed Together" {Fort, Dev} (curse)
rElec   .            u - melded +0 cloak of the Unveiling Oracle {Melee, Comp} (curse)
rCorr   .            (gloves currently unavailable)
SInv    +            h - melded +0 pair of boots of the Prophetic Sky {Fort, Melee} (curse)
Will    .....        (no amulet)
Stlth   +            n - ring of Ashenzari's Irritation {rN+, Melee, Range} (curse)
HPRegen 0.33/turn    r - ring of Supernal Understanding {rPois, Self, Fort} (curse)
MPRegen 0.12/turn

%: clarity
@: snake-form, spiked, corroded
A: constrict, reduced hp, (breathe lightning), AC +7, large, unfitting armour,
(electricity resistance), (cold-blooded)
a: Begin Untransformation, Renounce Religion, Curse Item, Shatter the Chains


You were on level 10 of the Dungeon.
You worshipped Ashenzari.
Ashenzari was most pleased with you.
You were an enormous serpent.
You visited 1 branch of the dungeon, and saw 10 of its levels.

You collected 491 gold pieces.

Inventory:

Missiles
 A - 2 throwing nets (quivered)
Armour
 h - the cursed +0 pair of boots of the Prophetic Sky (melded) {Fort, Melee}
   (You found it on level 1 of the Dungeon)

   It has a curse which improves the following skills: Fortitude: Shields.
   Melee Combat: Short Blades, Long Blades, Axes, Maces & Flails, Polearms,
   Staves and Unarmed Combat.
 m - an orb of mayhem
 u - the cursed +0 cloak of the Unveiling Oracle (melded) {Melee, Comp}
   (You found it on level 4 of the Dungeon)

   It has a curse which improves the following skills: Melee Combat: Short
   Blades, Long Blades, Axes, Maces & Flails, Polearms, Staves and Unarmed
   Combat.
   Companions: Summonings and Necromancy.
 B - a +0 buckler
 F - the cursed +2 hat "Cursed Together" (melded) {Fort, Dev}
   (You found it on level 7 of the Dungeon)

   It has a curse which improves the following skills: Fortitude: Shields.
   Devices:   Evocations and Shapeshifting.
Jewellery
 n - the cursed ring of Ashenzari's Irritation (left hand) {rN+, Melee, Range}
   (You found it on level 3 of the Dungeon)

   [ring of positive energy]

   rN+:       It protects you from negative energy.
   It has a curse which improves the following skills: Melee Combat: Short
   Blades, Long Blades, Axes, Maces & Flails, Polearms, Staves and Unarmed
   Combat.
   Ranged Combat: Ranged Weapons and Throwing.
 r - the cursed ring of Supernal Understanding (right hand) {rPois, Self, Fort}
   (You found it on level 3 of the Dungeon)

   [ring of poison resistance]

   rPois:     It protects you from poison It has a curse which improves the
   following skills: Introspection: Fighting and Spellcasting.
   Fortitude: Shields.
 v - a ring of flight
 w - a +6 ring of strength
Talismans
 b - a beast talisman
 c - a flux talisman
 H - a serpent talisman (active)
Wands
 t - a wand of roots (19)
 D - a wand of mindburst (12)
 E - a wand of light (10)
 I - a wand of charming (5)
Scrolls
 d - 4 scrolls of immolation
 g - 5 scrolls of teleportation
 i - 4 scrolls of fear
 j - 6 scrolls of enchant weapon
 l - 11 scrolls of identify
 o - 2 scrolls of blinking
 q - a scroll of silence
 s - 2 scrolls of enchant armour
 y - 2 scrolls of torment
 z - 4 scrolls of fog
 C - 2 scrolls of vulnerability
 G - a scroll of revelation
Potions
 a - a potion of lignification
 e - 3 potions of curing
 f - 3 potions of mutation
 k - 2 potions of attraction
 x - a potion of brilliance


   Skills:
 - Level 9.9(11.4) Fighting
 - Level 5.8 Dodging
 - Level 11.4(12.8) Unarmed Combat
 + Level 7.0 Shapeshifting


You had 9 spell levels left.
You didn't know any spells.
Your spell library contained the following spells:

 Spells                   Type           Power      Damage    Failure   Level
 Apportation              Tloc           0%         N/A       36%         1
 Jinxbite                 Hex            0%         N/A       50%         2
 Scorch                   Fire           0%         2d5       50%         2
 Frozen Ramparts          Ice            0%         1d1       75%         3
 Flame Wave               Conj/Fire      0%         2d4       98%         4
 Leda's Liquefaction      Alch/Erth      0%         N/A       98%         4
 Petrify                  Alch/Erth      0%         N/A       98%         4
 Alistair's Intoxication  Alch           0%         N/A       100%        5
 Metabolic Englaciation   Hex/Ice        0%         N/A       100%        5
 Summon Cactus Giant      Summ           0%         N/A       100%        6


Dungeon Overview and Level Annotations

Branches:
Dungeon (10/15)            Temple (0/1) D:7            Lair (0/5) D:8
    Orc (0/2) D:9

Altars:
Ashenzari
Cheibriados
Elyvilon
Fedhas
Gozag
Kikubaaqudgha
Makhleb
Nemelex Xobeh
Okawaru
Qazlal
Uskayaw
Vehumet
Xom
Yredelemnul
The Shining One


Innate Abilities, Weirdness & Mutations

You are an enormous serpent.
You have a powerful constriction melee attack.
Your maximum health is decreased, since you lack skill for your form.
Your armour is entirely melded.
You are incapable of wielding weapons or throwing items.
((You can breathe wild blasts of lightning.))
((Your glossy black scales are hard. (AC +7)))
You cannot fit into any form of body armour.
((You are resistant to electric shocks. (rElec)))
((You are cold-blooded and may be slowed by cold attacks.))


Message History

A manticore comes into view.
An acid dragon comes into view.
The acid dragon roars!
There are monsters nearby!
The manticore flicks its tail.
The volley of spikes skewers you.
The barbed spikes become lodged in your body.
There are monsters nearby!
Okay, then.
Okay, then.
Okay, then.
The barbed spikes dig painfully into your body as you move.
The manticore flicks its tail.
The volley of spikes skewers you!
The barbed spikes become lodged in your body.
The barbed spikes dig painfully into your body as you move.
* * * LOW HITPOINT WARNING * * *
The acid dragon spits acid at you. The splash of acid hits you!
* * * LOW HITPOINT WARNING * * *
Things that are here:
a +0 spear of freezing; a gnoll corpse You feel much better.
The barbed spikes dig painfully into your body as you move.
Things that are here:
a +2 heavy trident; a +0 scale mail; a gnoll corpse The barbed spikes dig painfully into your body as you move.
* * * LOW HITPOINT WARNING * * *
Things that are here:
a +0 halberd; a gnoll corpse The barbed spikes dig painfully into your body as you move.
* * * LOW HITPOINT WARNING * * *
The acid dragon spits acid at you. The splash of acid hits you.
* * * LOW HITPOINT WARNING * * *
The acid corrodes you!
The barbed spikes dig painfully into your body as you move.
* * * LOW HITPOINT WARNING * * *
There is a stone staircase leading up here.
The barbed spikes dig painfully into your body as you move.
You die...

#..####.###.# #...<...#
#.# ##.########.######
#+# #.........# ∆
#.##.####.#####
#.##..###.##.. ∆
#.........##.# .#
#..#...##.##.#####...##
+........S.)D)H....>...
#.........##)###.#...##
##....###.##.# .# .#
#.#.## #.##.. ..
#.#.####.##### .##
#........# .#
###.###### .. #.# #.
#.#


You could see a manticore and an acid dragon.

Vanquished Creatures
  Jeremiah (D:7)
  A komodo dragon (D:8)
  A troll (D:9)
  Prince Ribbit (D:7)
  Sigmund (D:3)
  4 yaks (D:9)
  3 wyverns (D:8)
  An acid dragon (D:8)
  Duvessa (D:7)
  2 water moccasins
  3 orc warriors
  3 black bears
  A sky beast (D:8)
  3 ogres
  3 centaurs
  2 kobold brigands
  4 bullfrogs
  7 scorpions
  5 gnoll sergeants
  Dowan (D:7)
  16 wights
  10 killer bees
  2 howler monkeys
  2 bombardier beetles
  2 jellies
  2 orc priests
  A gnoll bouda (D:5)
  7 hounds
  2 iguanas
  4 sleepcaps
  5 orc wizards
  19 gnolls
  6 adders
  3 white imps
  3 ufetubi (D:7)
  A ribbon worm (D:2)
  4 dart slugs
  36 orcs
  5 endoplasms
  3 giant cockroaches
  5 goblins
  4 hobgoblins
  9 kobolds
  7 quokkas
  3 ball pythons
  7 bats
  3 frilled lizards
  6 rats
225 creatures vanquished.

Notes
Turn   | Place    | Note
-------+----------+-------------------------------------------
     0 | D:1      | CowFu the Draconian Shapeshifter began the quest for the
                  | Orb.
     0 | D:1      | Reached XP level 1. HP: 16/16 MP: 1/1
    15 | D:1      | Found a faded altar of an unknown god.
    69 | D:1      | Prayed at the altar of an unknown god.
    69 | D:1      | Became a worshipper of Ashenzari the Shackled
   113 | D:1      | Reached XP level 2. HP: 23/23 MP: 2/2
   331 | D:1      | Reached XP level 3. HP: 23/28 MP: 3/3
   914 | D:2      | Reached skill level 4 in Unarmed Combat
  1156 | D:2      | Reached XP level 4. HP: 24/35 MP: 4/4
  1845 | D:3      | Reached * piety under Ashenzari
  1856 | D:3      | Noticed Sigmund
  1864 | D:3      | Killed Sigmund
  1865 | D:3      | Reached skill level 5 in Unarmed Combat
  1865 | D:3      | Reached XP level 5. HP: 17/40 MP: 5/5
  1865 | D:3      | Reached XP level 6. HP: 20/47 MP: 6/6
  1885 | D:3      | Reached skill level 5 in Shapeshifting
  2623 | D:4      | Reached skill level 6 in Unarmed Combat
  2899 | D:4      | Your scales start taking on a glossy black colour.
  2899 | D:4      | Reached XP level 7. HP: 44/52 MP: 7/7
  2899 | D:4      | Gained mutation: You are resistant to electric shocks.
                  | (rElec) [Black Draconian growth]
  2911 | D:4      | Reached ** piety under Ashenzari
  3312 | D:5      | Entered Level 5 of the Dungeon
  3541 | D:5      | Reached skill level 7 in Unarmed Combat
  3544 | D:5      | Found a blossoming altar of Fedhas.
  3545 | D:5      | Found a sparkling altar of Nemelex Xobeh.
  3547 | D:5      | Found a burning altar of Makhleb.
  3547 | D:5      | Found a glowing golden altar of the Shining One.
  3547 | D:5      | Found an ancient bone altar of Kikubaaqudgha.
  3547 | D:5      | Found a stormy altar of Qazlal.
  3549 | D:5      | Found an iron altar of Okawaru.
  3549 | D:5      | Found a shimmering altar of Xom.
  3549 | D:5      | Found a snail-covered altar of Cheibriados.
  3586 | D:5      | Reached XP level 8. HP: 59/61 MP: 8/8
  4146 | D:6      | Reached skill level 8 in Unarmed Combat
  4251 | D:6      | Reached *** piety under Ashenzari
  4309 | D:6      | Reached skill level 5 in Fighting
  4606 | D:6      | Found a hide-covered altar of Uskayaw.
  4614 | D:6      | Reached XP level 9. HP: 58/79 MP: 9/9
  5069 | D:7      | Noticed Jeremiah
  5078 | D:7      | Reached skill level 9 in Unarmed Combat
  5117 | D:7      | Killed Jeremiah
  5666 | D:7      | Found an opulent altar of Gozag.
  5710 | D:7      | Reached skill level 10 in Unarmed Combat
  5998 | D:7      | Found a white marble altar of Elyvilon.
  6261 | D:7      | Noticed Prince Ribbit
  6264 | D:7      | Found a staircase to the Ecumenical Temple.
  6266 | D:7      | Killed Prince Ribbit
  6267 | D:7      | Reached XP level 10. HP: 78/92 MP: 10/10
  6315 | D:7      | Noticed Duvessa
  6316 | D:7      | Noticed Dowan
  6321 | D:7      | Killed Duvessa
  6333 | D:7      | Killed Dowan
  7035 | D:8      | Found a radiant altar of Vehumet.
  7037 | D:8      | Found a broken altar of Ashenzari.
  7038 | D:8      | Found a basalt altar of Yredelemnul.
  7129 | D:8      | Found a staircase to the Lair.
  7876 | D:9      | Reached skill level 5 in Dodging
  7933 | D:9      | Reached skill level 11 in Unarmed Combat
  8125 | D:9      | Found a staircase to the Orcish Mines.
  8847 | D:10     | Entered Level 10 of the Dungeon
  8915 | D:10     | Noticed a manticore
  8926 | D:10     | Succumbed to barbed spike wounds

Illustrated notes

Levels and vault maps discovered:
D:1:      nzn_arrival_crosshair, layout_rooms, serial_forest,
          infiniplex_forest_clump_C, infiniplex_forest_lined_3,
          infiniplex_forest_straight_1, infiniplex_forest_clump_long,
          infiniplex_forest_clump_large, infiniplex_forest_3_way,
          infiniplex_forest_straight_1, infiniplex_forest_clump_double,
          shapermc_ecumenical_altar_mp_urbaneastern, nrook_uturn
D:2:      layout_loops_corners
D:3:      layout_basic, serial_bayou_lake_a, uniq_sigmund
D:4:      layout_loops_corners, chequers_serial_rivers_micro_c
D:5:      layout_loops_ring, nicolae_overflows_in_rows, hex_tiny
D:6:      layout_loops_cross, nicolae_uskayaw_dance_hall
D:7:      layout_loops_corners, nicolae_overflow_hidden_temple,
          mainiacjoe_overflow_catwalk, minmay_temple_entry_slanted,
          minmay_fractal_squares_diagonal_5, uniq_duvessa, uniq_jeremiah,
          uniq_prince_ribbit1
D:8:      layout_gridville, chequers_temple_overflow_statue_of_worship,
          david_lair_shrubbed
D:9:      layout_loops_ring, kennysheep_orc_monster_closet_entryway
D:10:     layout_loops_corners

Skill      XL: |  1  2  3  4  5  6  7  8  9 10 |
---------------+-------------------------------+-----
Unarmed Combat | 4 5 6 7 8 10 11 | 11.4
Shapeshifting  | 4 5 6 7 |  7.0
Fighting       | 5 8 9 |  9.9
Dodging        | 3 5 |  5.8

Action                     |  1- 3 |  4- 6 |  7- 9 | 10-12 || total
---------------------------+-------+-------+-------+-------++-------
  Melee: Unarmed           |    96 |   114 |   328 |   226 ||   764
         Tailslap          |    17 |    15 |    46 |    31 ||   109
         Punch             |     1 |       |       |       ||     1
         Constrict         |       |       |       |     2 ||     2
 Invoke: Curse Item        |     1 |     1 |     2 |     1 ||     5
Ability: Breathe Lightning |       |       |     1 |       ||     1
    Use: Potion            |       |       |     1 |     1 ||     2
 Armour: Skin              |    34 |    35 |   155 |   117 ||   341
  Dodge: Dodged            |    58 |    63 |   282 |   203 ||   606
   Form: Flux              |     1 |       |       |       ||     1
         Serpent           |       |       |       |     1 ||     1

Table legend: (Time is in decaauts)
 A = Elapsed time spent in this place.
 B = Non-inter-level travel time spent in this place.
 C = Inter-level travel time spent in this place.
 D = Time resting spent in this place.
 E = Time spent auto-exploring this place.
 F = Levels seen in this place.
 G = Mean time per level.
                   A        B        C        D        E       F      G
               +--------+--------+--------+--------+--------+-----+--------+
         Total |   8807 |   8544 |    263 |      0 |   7086 |  10 |  880.7 |
       Dungeon |   8807 |   8544 |    263 |      0 |   7086 |  10 |  880.7 |
               +--------+--------+--------+--------+--------+-----+--------+

Top non-repeatable levels by time:
     D:7: 1463 daAuts
     D:6: 1065 daAuts
     D:8: 1060 daAuts
     D:9: 1016 daAuts
     D:4: 996 daAuts
     D:2: 897 daAuts
     D:5: 809 daAuts
     D:3: 731 daAuts
     D:1: 689 daAuts
    D:10: 77 daAuts
